 Dungeon Crawl Stone Soup version 0.32-a0-379-g363f0df (webtiles) character file.

Game seed: 10437136414721822734

3717673 jagoly the Merry Goblin (level 27, 224/224 HPs)
             Began as a Coglin Hexslinger on Feb 18, 2024.
             Was a Follower of Uskayaw.
             Escaped with the Orb
             ... and 5 runes
             ... and 1 gem (intact) on Feb 19, 2024!
             The game lasted 05:08:47 (58615 turns).

jagoly the Merry Goblin (Coglin Hexslinger)        Turns: 58615, Time: 05:08:47

Health: 224/224    AC: 22    Str: 10    XL:     27
Magic:  37/37      EV: 41    Int: 13    God:    Uskayaw [*.....]
Gold:   2538       SH:  0    Dex: 42    Spells: 11/30 levels left

rFire   + . .        a - +27 heavy crossbow "Sniper" {heavy, Acc+∞ SInv}
rCold   + + +        (shield currently unavailable)
rNeg    + . .        c - +4 skin of Zhor {*Englaciate rC+++ SInv}
rPois   .            R - +2 helmet of Somewhere Else {Dex+3}
rElec   .            J - +2 cloak
rCorr   +            f - +2 pair of gloves
SInv    +            k - +2 pair of boots "Teetaot" {rCorr Stlth+}
Will    +++..        m - amulet of False Pretenses {Harm Regen+ Dex+4}
Stlth   +++          N - ring "Icriv" {rN+ Will+ rCorr Dex+2}
HPRegen 1.37/turn    d - ring of the Riding Ancients {rF+ Dex+6}
MPRegen 0.25/turn

%: harm (+30% outgoing, +20% incoming)
@: studying Axes
A: off-hand wielding, slow wielding, warmup strikes, warmup strides, iridescent
scales 1, clumsy 1, mutation resistance 1
0: Orb of Zot
}: 5/15 runes: serpentine, barnacled, slimy, silver, abyssal
a: Renounce Religion, Stomp


You escaped.
You worshipped Uskayaw.
Uskayaw was greatly pleased with you.
You visited 12 branches of the dungeon, and saw 56 of its levels.
You visited the Abyss 2 times.
You visited 1 ziggurat, and saw 8 of its levels.
You also visited: Desolation.

You collected 9038 gold pieces.
You spent 6500 gold pieces at shops.

Inventory:

Hand Weapons
 a - the +27 heavy crossbow "Sniper" (weapon) {heavy, Acc+∞ SInv}
   (You found it on level 4 of the Dungeon)

   Acc+∞: It never misses its target.
   SInv:      It lets you see invisible.
Missiles
 C - 14 curare-tipped darts
 T - 2 throwing nets
Armour
 c - the +4 skin of Zhor (worn) {*Englaciate rC+++ SInv}
   (You took it off a deep elf zephyrmancer on level 3 of the Elven Halls)

   *Englaciate: It radiates cold, occasionally slowing all nearby creatures who
   are not resistant to cold.
   rC+++:     It renders you almost immune to cold.
   SInv:      It lets you see invisible.
 f - a +2 pair of gloves (worn)
 k - the +2 pair of boots "Teetaot" (worn) {rCorr Stlth+}
   (You acquired it on level 5 of the Lair of Beasts)

   rCorr:     It protects you from acid and corrosion.
   Stlth+:    It makes you more stealthy.
 J - a +2 cloak (worn)
 R - the +2 helmet of Somewhere Else (worn) {Dex+3}
   (You found it on level 4 of the Vaults)

   Dex+3:     It affects your dexterity (+3).
Jewellery
 d - the ring of the Riding Ancients (right grasper) {rF+ Dex+6}
   (You found it on level 3 of the Realm of Zot)

   [ring of dexterity]

   Dex+6:     It affects your dexterity (+6).
   rF+:       It protects you from fire.
 m - the amulet of False Pretenses (around neck) {Harm Regen+ Dex+4}
   (You took it off a merfolk impaler on level 4 of the Shoals)

   [amulet of regeneration]

   Dex+4:     It affects your dexterity (+4).
   Regen+:    It increases your rate of health regeneration.
   Harm:      It increases damage dealt and taken.
 w - the ring of Naiti Puany {Ice Fly rN+ Dex-4 Stlth+}
   (You found it in the Desolation of Salt)

   [ring of ice]

   Ice:       It enhances your ice magic.
   Dex-4:     It affects your dexterity (-4).
   rF-:       It makes you vulnerable to fire.
   rC+:       It protects you from cold.
   rN+:       It protects you from negative energy.
   Fly:       It grants you flight.
   Stlth+:    It makes you more stealthy.
 y - the ring of the Final Chapter {rF+ rCorr MP+9 Int+3 Dex-5}
   (You found it on level 5 of the Pits of Slime)

   [ring of magical power]

   Int+3:     It affects your intelligence (+3).
   Dex-5:     It affects your dexterity (-5).
   rF+:       It protects you from fire.
   MP+9:      It affects your magic capacity (+9).
   rCorr:     It protects you from acid and corrosion.
 G - a ring of poison resistance
 N - the ring "Icriv" (left grasper) {rN+ Will+ rCorr Dex+2}
   (You found it on level 8 of the Dungeon)

   [ring of resist corrosion]

   Dex+2:     It affects your dexterity (+2).
   rN+:       It protects you from negative energy.
   Will+:     It increases your willpower.
   rCorr:     It protects you from acid and corrosion.
 Y - the ring of Joy {rC- rN+ Will+ Str+4}
   (You found it on level 3 of the Realm of Zot)

   [ring of positive energy]

   Str+4:     It affects your strength (+4).
   rC-:       It makes you vulnerable to cold.
   rN+:       It protects you from negative energy.
   Will+:     It increases your willpower.
 Z - the ring of Caniened {Fire Int+3}
   (You found it in the Desolation of Salt)

   [ring of fire]

   Fire:      It enhances your fire magic.
   Int+3:     It affects your intelligence (+3).
   rF+:       It protects you from fire.
   rC-:       It makes you vulnerable to cold.
Wands
 t - a wand of digging (23)
 z - a wand of iceblast (80)
 O - a wand of paralysis (61)
 U - a wand of quicksilver (34)
Scrolls
 b - 12 scrolls of poison
 g - 8 scrolls of enchant weapon
 h - 4 scrolls of butterflies
 p - 7 scrolls of immolation
 q - 19 scrolls of teleportation
 s - 3 scrolls of blinking
 x - 5 scrolls of fear
 A - 5 scrolls of brand weapon
 D - 8 scrolls of vulnerability
 E - 4 scrolls of enchant armour
 L - 2 scrolls of revelation
 P - 4 scrolls of noise
 Q - 15 scrolls of fog
 V - 5 scrolls of silence
Potions
 i - a potion of lignification
 j - 8 potions of magic
 l - 3 potions of ambrosia
 n - 4 potions of enlightenment
 r - a potion of resistance
 u - 21 potions of curing
 B - 2 potions of haste
 F - 4 potions of cancellation
 H - 6 potions of brilliance
 K - 3 potions of invisibility
 M - 5 potions of heal wounds
 S - 9 potions of mutation
 X - 10 potions of might
Miscellaneous
 e - a box of beasts
 o - a tin of tremorstones (2/2)
 v - a phial of floods
 I - a phantom mirror
 W - a lightning rod (4/4)


   Skills:
 - Level 20.0 Fighting
 O Level 27 Ranged Weapons
 - Level 8.0 Armour
 - Level 18.0 Dodging
 - Level 10.0 Stealth
 - Level 2.0 Spellcasting
 - Level 8.0 Conjurations
 - Level 8.0 Hexes
 - Level 14.0 Translocations
 - Level 1.0 Fire Magic
 + Level 20.8 Invocations
 - Level 10.0 Evocations


You had 11 spell levels left.
You knew the following spells:

 Your Spells              Type           Power      Damage    Failure   Level
a - Dimensional Bullseye  Hex/Tloc       14%        N/A       2%          4
b - Jinxbite              Hex            44%        N/A       1%          2
f - Inner Flame           Hex/Fire       13%        N/A       12%         3
k - Tukima's Dance        Hex            22%        N/A       2%          3
q - Apportation           Tloc           74%        N/A       1%          1
B - Blink                 Tloc           74%        N/A       1%          2
X - Iskenderun's Mystic   Conj/Tloc      29%        2d7       2%          4

Your spell library contained the following spells:

 Spells                   Type           Power      Damage    Failure   Level
 Lesser Beckoning         Tloc           74%        N/A       1%          2
 Momentum Strike          Conj/Tloc      58%        3d9       1%          2
 Gell's Gravitas          Tloc           37%        N/A       1%          3
 Teleport Other           Tloc           37%        N/A       1%          3
 Manifold Assault         Tloc           37%        N/A       1%          4
 Passage of Golubria      Tloc           37%        N/A       1%          4
 Confusing Touch          Hex            22%        N/A       2%          3
 Dazzling Flash           Conj/Hex       44%        N/A       2%          3
 Sigil of Binding         Hex            22%        N/A       2%          3
 Volatile Blastmotes      Fire/Tloc      40%        2d13      3%          3
 Kiss of Death            Conj/Necr      44%        2d8       4%          1
 Shock                    Conj/Air       44%        1d5       4%          1
 Sting                    Conj/Alch      44%        1d5       4%          1
 Ensorcelled Hibernation  Hex/Ice        22%        N/A       8%          2
 Cause Fear               Hex            11%        N/A       10%         4
 Dispersal                Tloc           18%        N/A       12%         6
 Stone Arrow              Conj/Erth      22%        3d8       14%         3
 Vhi's Electric Charge    Tloc/Air       38%        N/A       14%         4
 Necrotise                Necr           4%         1d4       26%         1
 Sandblast                Erth           2%         2d4       26%         1
 Summon Small Mammal      Summ           4%         N/A       26%         1
 Mephitic Cloud           Conj/Alch/Air  8%         N/A       26%         3
 Iskenderun's Battlesphe  Conj           22%        2d8       26%         5
 Call Imp                 Summ           2%         N/A       36%         2
 Cigotuvi's Dreadful Rot  Necr/Alch/Air  2%         N/A       36%         2
 Mercury Vapours          Alch/Air       2%         N/A       36%         2
 Sublimation of Blood     Necr           1%         N/A       36%         2
 Flame Wave               Conj/Fire      13%        2d6       36%         4
 Summon Forest            Summ/Tloc      9%         N/A       36%         5
 Anguish                  Hex/Necr       5%         N/A       43%         4
 Brom's Barrelling Bould  Conj/Erth      11%        2d3       43%         4
 Fulminant Prism          Conj/Alch      5%         3d7       43%         4
 Call Canine Familiar     Summ           1%         N/A       58%         3
 Fugue of the Fallen      Necr           1%         N/A       58%         3
 Ozocubu's Armour         Ice            1%         N/A       58%         3
 Passwall                 Erth           1%         N/A       58%         3
 Swiftness                Air            1%         N/A       58%         3
 Vampiric Draining        Necr           1%         2d6       58%         3
 Fireball                 Conj/Fire      6%         3d5       73%         5
 Arcjolt                  Conj/Air       5%         1d15      80%         5
 Irradiate                Conj/Alch      5%         3d13      80%         5
 Metabolic Englaciation   Hex/Ice        5%         N/A       80%         5
 Silence                  Hex/Air        5%         N/A       80%         5
 Yara's Violent Unravell  Hex/Alch       5%         3d4       80%         5
 Ignite Poison            Fire/Alch      2%         N/A       90%         4
 Sticky Flame             Fire/Alch      2%         2d4       90%         4
 Summon Blazeheart Golem  Fire/Summ      2%         N/A       90%         4
 Dispel Undead            Necr           1%         3d6       94%         4
 Leda's Liquefaction      Alch/Erth      0%         N/A       94%         4
 Martyr's Knell           Necr/Summ      1%         N/A       94%         4
 Olgreb's Toxic Radiance  Alch           1%         N/A       94%         4
 Freezing Cloud           Conj/Ice/Air   4%         6-21      94%         5
 Disjunction              Tloc           18%        N/A       99%         8
 Alistair's Intoxication  Alch           0%         N/A       100%        5
 Borgnjor's Vile Clutch   Necr/Erth      0%         N/A       100%        5
 Curse of Agony           Necr           1%         N/A       100%        5
 Lee's Rapid Deconstruct  Erth           0%         3d4*      100%        5
 Bombard                  Conj/Erth      5%         9d2       100%        6
 Death Channel            Necr           0%         N/A       100%        6
 Eringya's Noxious Bog    Alch           0%         4d6       100%        6
 Plasma Beam              Fire/Air       1%         2x1d11    100%        6
 Sculpt Simulacrum        Ice/Alch       0%         N/A       100%        6
 Summon Cactus Giant      Summ           0%         N/A       100%        6
 Enfeeble                 Hex            11%        N/A       100%        7
 Haunt                    Necr/Summ      0%         N/A       100%        7
 Malign Gateway           Summ/Tloc      9%         N/A       100%        7
 Spellforged Servitor     Conj/Summ      5%         N/A       100%        7
 Summon Hydra             Summ           0%         N/A       100%        7
 Borgnjor's Revivificati  Necr           0%         N/A       100%        8
 Ignition                 Fire           1%         3d3       100%        8
 Infestation              Necr           0%         N/A       100%        8
 Maxwell's Capacitive Co  Air            0%         ∞         100%        8
 Chain Lightning          Conj/Air       5%         3d7       100%        9
 Dragon's Call            Summ           0%         N/A       100%        9
 Fire Storm               Conj/Fire      6%         8d2       100%        9
 Polar Vortex             Ice            0%         N/A       100%        9
 Shatter                  Erth           0%         3d5*      100%        9


Dungeon Overview and Level Annotations

Branches:
Dungeon (15/15)            Temple (1/1) D:7            Lair (5/5) D:9
 Shoals (4/4) Lair:3        Snake (4/4) Lair:3        Slime (5/5) Lair:4
    Orc (2/2) D:9             Elf (3/3) Orc:2        Vaults (5/5) D:14
  Crypt (3/3) Vaults:2       Tomb (0/3) Crypt:3      Depths (4/4) D:15
    Zot (5/5) Depths:4    Desolation (visited)

Altars:
Ashenzari
Cheibriados
Dithmenos
Elyvilon
Fedhas
Gozag
Hepliaklqana
Kikubaaqudgha
Makhleb
Nemelex Xobeh
Okawaru
Qazlal
Ru
Sif Muna
Trog
Uskayaw
Vehumet
Wu Jian
Xom
Yredelemnul
Zin
The Shining One
Jiyva

Shops:
D:1 !   D:8 !   D:11 ?   D:12 !   D:13 *   Orc:1 ?   Orc:2 ?(?[(   Shoals:3 [
Vaults:1 [   Vaults:4 *   Vaults:5 ??!!?   Depths:1 =   Depths:3 !((

Portals:
Hell: Depths:1 Depths:2 Depths:3 Depths:4
Abyss: Snake:3 Depths:3
Pandemonium: Depths:2

Annotations:
Elf:2 3 runed translucent doors


Innate Abilities, Weirdness & Mutations

You can wield a second weapon in your off-hand.
It takes a long time for you to wield or remove held weapons.
Your first few attacks do less damage.
Your first movements take longer.
You are partially covered in iridescent scales. (AC +2)
You are clumsy. (Dex -2)
You are somewhat resistant to further mutation.


Message History

You see here the Orb of Zot.
Unknown command.
Okay, then.
As you read the scroll of teleportation, it crumbles to dust.
You feel strangely unstable.
You feel the Orb delaying your translocation!
You can no longer merge with and destroy a victim.
You pick up the Orb of Zot!
The Orb lets out an ear-shattering shriek!
The lords of Pandemonium are not amused.
Beware!
Now all you have to do is get back out of the dungeon!
You can no longer pass through a line of other dancers.
Your surroundings suddenly seem different.
Found 5 stones.
You radiate an aura of cold.
The moth of wrath seems to slow down.
You radiate an aura of cold.
The moth of wrath seems to slow down.
You avoid being caught in a net.
There is a net trap here.
You start to feel less resistant.
Your resistance to elements expires.
A hell beast comes into view.
You shoot a bolt. The bolt hits the hell beast!!!!
You kill the hell beast!
You feel a little less clever now.
An Orb Guardian comes into view.
You shoot a bolt. The bolt hits the Orb Guardian!!!!
You kill the Orb Guardian!
There is a stone staircase leading up here.
You climb upwards.
There is a stone staircase leading down here.
What level of the Dungeon? (default 15, ? - help)
A Weronn, a lich, a large abomination and a soul eater come into view.
Press: ? - help, v - describe, . - travel
Here: Weronn, armed with a venomous touch The floor.
Unknown command.
Cast which spell? (? or * to list)
Aiming: Dimensional Bullseye (mildly dangerous; 2% risk of failure)
Press: ? - help, Dir - move target, f - Weronn
Aim: Weronn, armed with a venomous touch You create a dimensional link between your ranged weaponry and Weronn.
Fire: a) +27 heavy crossbow "Sniper" {heavy, Acc+∞ SInv}
Press: ? - help, Q - select action, (/) - cycle Shift-Dir - straight line, f - lich, p - Weronn
Aim: a lich (100% to hit)
You shoot a bolt. The bolt hits the lich!!!
The lich is severely damaged.
Your projectile teleports!
The bolt hits Weronn!!
Weronn is moderately wounded.
Weronn misses you. The soul eater completely misses you.
The lich mumbles some strange words.
The lich flickers and vanishes for a moment.
Weronn hits you but does no damage.
Fire: a) +27 heavy crossbow "Sniper" {heavy, Acc+∞ SInv}
Press: ? - help, Q - select action, (/) - cycle Shift-Dir - straight line, f - Weronn, p - lich
Aim: Weronn, armed with a venomous touch (lightly wounded, targeted by your dimensional bullseye, 100% to hit)
You shoot a bolt. The bolt hits Weronn!!
Weronn is moderately wounded.
You are engulfed in dark miasma.
You are poisoned.
You feel yourself slow down.
You feel extremely sick. Weronn closely misses you.
The lich completely misses you. The soul eater completely misses you.
Weronn completely misses you.
The lich touches you but does no damage.
The soul eater closely misses you.
You can now pass through a line of other dancers.
Fire: a) +27 heavy crossbow "Sniper" {heavy, Acc+∞ SInv}
Press: ? - help, Q - select action, (/) - cycle Shift-Dir - straight line, f/p - Weronn
Aim: Weronn, armed with a venomous touch (moderately wounded, targeted by your dimensional bullseye, 100% to hit)
You shoot a bolt. The bolt hits Weronn!!!
Weronn is severely wounded.
You radiate an aura of cold.
Weronn is unaffected.
The soul eater is unaffected.
The lich is unaffected.
The large abomination seems to slow down.
You feel extremely sick. Weronn closely misses you. Weronn hits you!!
You are more poisoned.
The soul eater completely misses you.
The lich gestures at you while chanting.
The bolt of cold misses you. Weronn hits you!
You are more poisoned.
Weronn hits you!!
You are more poisoned.
The soul eater barely misses you.
The lich points at you and mumbles some strange words.
The bolt of cold misses you.
Fire: a) +27 heavy crossbow "Sniper" {heavy, Acc+∞ SInv}
Press: ? - help, Q - select action, (/) - cycle Shift-Dir - straight line, f/p - Weronn
Aim: Weronn, armed with a venomous touch (severely wounded, targeted by your dimensional bullseye, 100% to hit)
You shoot a bolt. The bolt hits Weronn!!!!
You kill Weronn!
You are engulfed in dark miasma.
You are more poisoned.
You feel as though you will be slow longer.
* * * LOW HITPOINT WARNING * * *
You feel extremely sick.
The large abomination is no longer moving slowly.
The soul eater completely misses you.
The lich touches you but does no damage.
The soul eater completely misses you. The lich completely misses you.
The soul eater completely misses you. The lich completely misses you.
The large abomination completely misses you.
Press: ? - help, v - describe, . - travel The floor, spattered with blood.
This square is covered in magical glow.
Okay, then.
Okay, then.
Press: ? - help, v - describe, . - travel
Here: a lich (severely damaged, slightly transparent)
The floor.
Blink to where?
Press: ? - help, Dir - move target
As you read the scroll of blinking, it crumbles to dust.
You feel extremely sick.
Fire: a) +27 heavy crossbow "Sniper" {heavy, Acc+∞ SInv}
Press: ? - help, Q - select action, (/) - cycle Shift-Dir - straight line, f - lich
Aim: a lich (severely damaged, slightly transparent, 100% to hit)
You shoot a bolt. The bolt hits the lich!!!
You destroy the lich!
You feel extremely sick.
Uskayaw will force your foes to helplessly watch your dance.
Uskayaw prepares the audience for your solo!
Fire: a) +27 heavy crossbow "Sniper" {heavy, Acc+∞ SInv}
Press: ? - help, Q - select action, (/) - cycle Shift-Dir - straight line, f - soul eater
Aim: a soul eater (paralysed, 100% to hit)
You shoot a bolt. The bolt hits the soul eater!!
The soul eater is severely wounded.
You radiate an aura of cold.
The soul eater is unaffected.
You feel extremely sick.
Fire: a) +27 heavy crossbow "Sniper" {heavy, Acc+∞ SInv}
Press: ? - help, Q - select action, (/) - cycle Shift-Dir - straight line, f/p - soul eater
Aim: a soul eater (severely wounded, paralysed, 100% to hit)
You shoot a bolt. The bolt hits the soul eater!!!!
You kill the soul eater!
You feel very sick.
The large abomination is no longer moving slowly.
The large abomination is no longer paralysed.
Uskayaw will force your foes to share their pain.
Fire: a) +27 heavy crossbow "Sniper" {heavy, Acc+∞ SInv}
Press: ? - help, Q - select action, (/) - cycle Shift-Dir - straight line, f - large abomination
Aim: a large abomination (100% to hit)
You shoot a bolt.
The bolt hits the large abomination!!!!!
You destroy the large abomination!
You feel very sick.
You feel better.
You're wearing all the rings you can.
Remove which one? (? for menu, Esc to cancel) < or
Z - the ring of Caniened {Fire Int+3} > or
d - the ring of the Riding Ancients {rF+ Dex+6} You remove the ring of Caniened {Fire Int+3}.
You feel agile.
N - the ring "Icriv" (left grasper) {rN+ Will+ rCorr Dex+2} You are confused.
You feel invigorated.
You feel much better.
A Brimstone Fiend comes into view.
You radiate an aura of cold.
The Brimstone Fiend seems to slow down.
You feel better.
You feel less invigorated.
Fire: a) +27 heavy crossbow "Sniper" {heavy, Acc+∞ SInv}
Press: ? - help, Q - select action, (/) - cycle Shift-Dir - straight line, f - Brimstone Fiend
Aim: a Brimstone Fiend (slow, 100% to hit)
You shoot a bolt. The bolt hits the Brimstone Fiend!!
The Brimstone Fiend is moderately wounded.
You radiate an aura of cold.
The Brimstone Fiend seems to slow down.
The Brimstone Fiend gestures at you.
The sphere of damnation explodes!
The damnation engulfs you!!!
* * * LOW HITPOINT WARNING * * *
Uskayaw will force your foes to helplessly watch your dance.
Unknown command.
Unknown command.
Blink to where?
Press: ? - help, Dir - move target, p - Brimstone Fiend
As you read the scroll of blinking, it crumbles to dust.
You feel yourself speed up.
There is nothing to cancel.
As you read the scroll of teleportation, it crumbles to dust.
You feel strangely unstable.
You feel the Orb delaying your translocation!
As you read the scroll of fog, it dissolves into smoke.
There is a stone staircase leading down here.
You are confused.
You feel invigorated.
You feel less invigorated.
You feel less confused.
You can no longer pass through a line of other dancers.
Fire: a) +27 heavy crossbow "Sniper" {heavy, Acc+∞ SInv}
Press: ? - help, Q - select action, (/) - cycle Shift-Dir - straight line, f - Brimstone Fiend
Aim: a Brimstone Fiend (blue smoke, moderately wounded, 100% to hit)
You shoot a bolt. The bolt hits the Brimstone Fiend!!!
The Brimstone Fiend is almost dead.
Your surroundings suddenly seem different.
A rust devil comes into view.
You shoot a bolt. The bolt hits the rust devil!!!
You kill the rust devil!
You can now pass through a line of other dancers.
A green death comes into view.
You shoot a bolt. The bolt hits the green death!!!
You kill the green death!
A death cob is nearby!
You shoot a bolt. The bolt hits the death cob!!!
The death cob is heavily damaged.
You radiate an aura of cold.
The death cob is unaffected.
You shoot a bolt. The bolt hits the death cob!!!
You destroy the death cob!
You can now pass through a line of other dancers.
There is a stone staircase leading up here.
You climb upwards.
There is a stone staircase leading down here.
What level of the Dungeon? (default 15, ? - help) HP restored.
You see here 6 stones.
An Ice Fiend comes into view.
You shoot a bolt. The bolt hits the Ice Fiend!!!!
You kill the Ice Fiend!
What level of the Dungeon? (default 1, ? - help)
There is a stone staircase leading up here.
You climb upwards.
There is a stone staircase leading down here.
There is a stone staircase leading up here.
You climb upwards.
There is a stone staircase leading down here.
There is a stone staircase leading down here.
An Orb Guardian comes into view.
Your line of fire to the Orb Guardian is blocked by a granite statue.
Things that are here:
a +0 mace; a +0 short sword; a white draconian skeleton You shoot a bolt.
The bolt hits the Orb Guardian!!
The Orb Guardian is heavily wounded.
You shoot a bolt. The bolt hits the Orb Guardian!!!!
You kill the Orb Guardian!
An angel comes into view. It is wielding a +2 whip of holy wrath.
You can now pass through a line of other dancers.
You shoot a bolt. The bolt hits the angel!!!
The angel is heavily wounded.
A storm dragon comes into view.
You shoot a bolt. The bolt hits the angel!!!
You kill the angel!
You radiate an aura of cold.
The storm dragon seems to slow down.
Uskayaw will force your foes to helplessly watch your dance.
Uskayaw prepares the audience for your solo!
You shoot a bolt. The bolt hits the storm dragon!!!
The storm dragon is heavily wounded.
You shoot a bolt. The bolt hits the storm dragon!!!
The storm dragon is almost dead.
The storm dragon is no longer moving slowly.
Uskayaw will force your foes to share their pain.
You shoot a bolt. The bolt hits the storm dragon!!!!
You kill the storm dragon!
What level of the Dungeon? (default 1, ? - help)
You see here a quicksilver dragon skeleton.
There is a gate leading back out of this place here.
You go up through the gate.
Welcome back to the Depths!
There is a gate to the Realm of Zot here.
Things that are here:
a +0 chain mail; a +2 demon whip of pain; a human skeleton
There is an open door, spattered with blood here.
A Brimstone Fiend comes into view.
You shoot a bolt. The bolt hits the Brimstone Fiend!!!
The Brimstone Fiend is severely wounded.
You shoot a bolt. The bolt hits the Brimstone Fiend!!!!
You kill the Brimstone Fiend!
You can now pass through a line of other dancers.
What level of the Dungeon? (default 1, ? - help)
A sun demon comes into view.
You shoot a bolt. The bolt hits the sun demon!!!
You kill the sun demon!
What level of the Dungeon? (default 1, ? - help)
Things that are here:
a +0 animal skin; a +0 flail
There is a stone staircase leading up, spattered with blood here.
You climb upwards.
There is a stone staircase leading down here.
Things that are here:
a +0 animal skin; a +0 flail; a very ugly thing skeleton
There is a stone staircase leading up here.
You climb upwards.
There is a stone staircase leading down here.
Things that are here:
a +0 chain mail; a +0 great mace An Orb Guardian comes into view.
No reachable target in view!
You shoot a bolt. The bolt hits the Orb Guardian!!
The Orb Guardian is moderately wounded.
You shoot a bolt. The bolt hits the Orb Guardian!!!!
You kill the Orb Guardian!
You can now pass through a line of other dancers.
What level of the Dungeon? (default 1, ? - help)
Things that are here:
a +2 battleaxe of freezing; a frost giant skeleton
There is a stone staircase leading up, spattered with blood here.
You climb upwards.
There is a stone staircase leading down here.
There is an open door here.
There is a transporter here.
You enter the transporter and appear at another place.
A sixfirhy comes into view.
You shoot a bolt. The bolt hits the sixfirhy!!!
You kill the sixfirhy!
What level of the Dungeon? (default 1, ? - help)
There is an open door here.
There is an open door here.
An Orb Guardian comes into view.
You shoot a bolt. The bolt hits the Orb Guardian!!!
The Orb Guardian is severely wounded.
You shoot a bolt. The bolt hits the Orb Guardian!
The Orb Guardian is almost dead.
You can now pass through a line of other dancers.
You shoot a bolt. The bolt hits the Orb Guardian!!!
You kill the Orb Guardian!
What level of the Dungeon? (default 1, ? - help)
There is a staircase back to the Dungeon here.
You climb upwards.
Welcome back to the Dungeon!
An Orb Guardian comes into view.
There is a staircase to the Depths, spattered with blood here.
You shoot a bolt. The bolt hits the Orb Guardian!!!!
You kill the Orb Guardian!
You can now pass through a line of other dancers.
What level of the Dungeon? (default 1, ? - help)
There is a stone staircase leading up here.
You climb upwards.
There is a stone staircase leading down here.
There is a stone staircase leading up here.
You climb upwards.
There is a stone staircase leading down here.
There is a stone staircase leading up here.
You climb upwards.
There is a stone staircase leading down here.
A blizzard demon comes into view.
You shoot a bolt. The bolt hits the blizzard demon!!
The blizzard demon is heavily wounded.
You shoot a bolt. The bolt hits the blizzard demon!!!
You kill the blizzard demon!
You can now pass through a line of other dancers.
What level of the Dungeon? (default 1, ? - help)
An Ice Fiend comes into view.
You shoot a bolt.
The bolt hits the Ice Fiend but does no damage.
You shoot a bolt. The bolt hits the Ice Fiend.
The Ice Fiend is lightly wounded.
You radiate an aura of cold.
The Ice Fiend is unaffected.
You shoot a bolt. The bolt hits the Ice Fiend!!!!
You kill the Ice Fiend!
You can now pass through a line of other dancers.
What level of the Dungeon? (default 1, ? - help)
You see here 3 large rocks.
There is a stone staircase leading up here.
You climb upwards.
A lorocyproca and 2 demonspawn black suns come into view.
A demonspawn black sun is wielding a +2 demon trident of pain.
There is a stone staircase leading down here.
Blink to where?
Press: ? - help, Dir - move target
As you read the scroll of blinking, it crumbles to dust.
The lorocyproca moves out of view.
You radiate an aura of cold.
The demonspawn black sun is unaffected. x2
The demonspawn black sun shouts!
You climb upwards.
There is a stone staircase leading down here.
What level of the Dungeon? (default 1, ? - help) 4 hell hounds come into view.
You shoot a bolt. The bolt hits the hell hound!
The hell hound is severely wounded.
You radiate an aura of cold.
The hell hound seems to slow down. x4
You shoot a bolt. The bolt hits the hell hound!!
You kill the hell hound!
You radiate an aura of cold.
The hell hound seems to slow down. x3
A hell hound comes into view.
You shoot a bolt. The bolt hits the hell hound!!!!!
You kill the hell hound!
You radiate an aura of cold.
The hell hound seems to slow down. x2
You shoot a bolt. The bolt hits the hell hound!
The hell hound is severely wounded.
The hell hound breathes flames at you. The blast of flame misses you.
The hell hound breathes flames at you. The blast of flame misses you.
The hell hound breathes flames at you. The blast of flame misses you.
You shoot a bolt. The bolt hits the hell hound!!!
You kill the hell hound!
You radiate an aura of cold.
The hell hound seems to slow down. x2
The hell hound completely misses you.
You shoot a bolt. The bolt hits the hell hound!!!!
You kill the hell hound!
The hell hound completely misses you.
You shoot a bolt. The bolt hits the hell hound!!
You kill the hell hound!
You can now pass through a line of other dancers.
What level of the Dungeon? (default 1, ? - help)
An Orb Guardian comes into view.
You can no longer pass through a line of other dancers.
You shoot a bolt. The bolt hits the Orb Guardian!!!
You kill the Orb Guardian!
You can now pass through a line of other dancers.
What level of the Dungeon? (default 1, ? - help)
There is an open door here.
There is an open door, spattered with blood here.
Things that are here:
a +0 giant club; a +0 giant club; a two-headed ogre skeleton
There is an open door here.
There is a stone staircase leading up here.
You climb upwards.
There is a stone staircase leading down here.
A Yrair and a large abomination come into view.
Press: ? - help, v - describe, . - travel
Here: Yrair The floor.
Fire: a) +27 heavy crossbow "Sniper" {heavy, Acc+∞ SInv}
Press: ? - help, Q - select action, (/) - cycle Shift-Dir - straight line, f - Yrair
Aim: Yrair (100% to hit)
You shoot a bolt. The bolt hits Yrair!!!!
Yrair is heavily wounded.
Fire: a) +27 heavy crossbow "Sniper" {heavy, Acc+∞ SInv}
Press: ? - help, Q - select action, (/) - cycle Shift-Dir - straight line, f/p - Yrair
Aim: Yrair (heavily wounded, 100% to hit)
You shoot a bolt. The bolt hits Yrair!!!!
Yrair is almost dead.
You radiate an aura of cold.
Yrair is unaffected.
The large abomination seems to slow down.
You can now pass through a line of other dancers.
Fire: a) +27 heavy crossbow "Sniper" {heavy, Acc+∞ SInv}
Press: ? - help, Q - select action, (/) - cycle Shift-Dir - straight line, f/p - Yrair
Aim: Yrair (almost dead, 100% to hit)
You shoot a bolt. The bolt hits Yrair!!!
You kill Yrair!
The large abomination is no longer moving slowly.
You shoot a bolt. The bolt hits the large abomination!!!!
You destroy the large abomination!
What level of the Dungeon? (default 1, ? - help)
There is a stone staircase leading up here.
You climb upwards.
There is a stone staircase leading down here.
There is a stone staircase leading up here.
You climb upwards.
There is a stone staircase leading down here.
Things that are here:
a +0 cloak; a +3 short sword of freezing
Things that are here:
a +0 robe; a +2 whip of flaming
There is a stone staircase leading up here.
You climb upwards.
There is a stone staircase leading down here.
You see here 4 stones.
A red devil comes into view. It is wielding a +0 trident.
There is a stone staircase leading up here.
You climb upwards.
There is a stone staircase leading down here.
What level of the Dungeon? (default 1, ? - help)
There is a stone staircase leading up, spattered with blood here.
You climb upwards.
There is a stone staircase leading down here.
Things that are here:
a +0 flail; a +0 flail; a gnoll skeleton
There is a stone staircase leading up here.
You climb upwards.
There is a stone staircase leading down here. 2 hell hogs come into view.
You shoot a bolt. The bolt hits the hell hog!!!
You kill the hell hog!
You shoot a bolt. The bolt hits the hell hog!!!
The hell hog is almost dead.
You radiate an aura of cold.
The hell hog seems to slow down.
The hell hog breathes fire at you.
The fireball explodes!
The fireball engulfs you but does no damage.
A hell hog comes into view.
You can now pass through a line of other dancers.
You shoot a bolt. The bolt hits the hell hog!!!!
You kill the hell hog!
You radiate an aura of cold.
The hell hog resists.
The hell hog is no longer moving slowly.
You shoot a bolt. The bolt hits the hell hog!!!
You kill the hell hog!
What level of the Dungeon? (default 1, ? - help)
There is a stone staircase leading up here.
You climb upwards.
There is a stone staircase leading down here.
Things that are here:
2 stones; a +0 dagger; a kobold skeleton
Things that are here:
a +0 dagger; a goblin skeleton
There is a stone staircase leading up here.
You climb upwards.
There is a stone staircase leading down here.
A blizzard demon comes into view.
The blizzard demon gestures at you. The freezing blast misses you.
You shoot a bolt. The bolt hits the blizzard demon!!!
You kill the blizzard demon!
You are engulfed in freezing vapours.
You resist.
You are engulfed in freezing vapours.
You resist.
What level of the Dungeon? (default 1, ? - help)
You see here a rat skeleton.
You see here a +0 ring mail.
You enter the shallow water.
Moving in this stuff is going to be slow.
There is an open door here.
There is a staircase leading out of the dungeon here.
You have escaped!

..........# ♣♣.♣♣ #...÷..#.....
#########♣##♣#.♣.♣♣#####.#.#....#
♣...........≈##[#.#....#
♣...........#♣#...#....#
♣..#######..# #.###....#
♣#..#.....#..###.# #....#
##...+.....#...♣~.###....#
♣.#..#.....#..♣.#.#.......
#~...#...@.#...≈#........#
#♣#..#.....#..###.#.#..÷..
#..####'##..♣ #.#.##.###
♣...........♣ #.#.##...#
#...........# #.#.####.#
♣♣♣##.♣.#♣#~# #.#.# #.# ♣#.♣♣ ♣♣#
#.#.####.. ###### ###...##
#.#....... #....#
#......######.########


There were no monsters in sight!

Vanquished Creatures
  the Royal Jelly (Slime:5)
  Dissolution (Slime:2)
  2 pandemonium lords
  3 dread liches
  3 ancient liches
  9 orbs of fire
  2 juggernauts (Depths:3)
  A royal mummy (Zig:6)
  5 Killer Klowns (Zot:5)
  3 caustic shrikes (Depths:4)
  4 curse toes
  12 golden dragons
  A Brimstone Fiend (Depths:4)
  3 doom hounds (Depths:4)
  2 electric golems
  Zenata (Crypt:1)
  2 Ice Fiends
  Jorgrun (Orc:1)
  Mlioglotl (Snake:2)
  14 tentacled monstrosities
  A walking crystal tome (Depths:3)
  31 Orb Guardians
  A walking divine tome (Depths:3)
  2 deep elf blademasters (Elf:3)
  9 liches
  3 titans
  2 deep elf master archers (Elf:3)
  5 sphinxes
  Grunn (Depths:4)
  6 quicksilver dragons
  The ghost of wqsa789 the Crack Shot, an adept FoHu of Gozag (Snake:4)
  8 death cobs
  13 acid blobs
  3 tentacled starspawn (Abyss:3)
  2 krakens
  2 Executioners
  A thorn hunter (Zig:4)
  6 ancient champions
  Frances (Elf:1)
  The ghost of Launuz the Fencer, an adept HuMo of the Shining One (Snake:3)
  Agnes (D:14)
  8 tengu reavers
  14 storm dragons
  2 revenants (Crypt:3)
  8 shadow dragons
  10 rockslimes
  Donald (Shoals:1)
  5 azure jellies (Slime:5)
  2 daevas (Abyss:3)
  5 protean progenitors
  5 deep elf sorcerers
  4 fire giants
  13 nagarajas
  7 draconian knights
  6 draconian shifters
  4 draconian monks
  2 ghost moths
  6 draconian scorchers
  3 imperial myrmidons (Desolation)
  8 frost giants
  11 vault wardens
  A juggernaut zombie (Crypt:2)
  4 deep elf elementalists
  A reaper (Crypt:2)
  5 angels
  4 curse skulls
  10 quicksilver oozes
  4 ghouls
  18 stone giants
  21 ironbound preservers
  8 ironbound thunderhulks
  9 draconian annihilators
  6 draconian stormcallers
  2 juggernaut skeletons
  5 cacodemons
  3 formless jellyfish
  4 spriggan defenders
  2 broodmothers (Zot:1)
  3 vampire knights
  21 very ugly things
  6 green draconians
  5 black draconians
  6 deep elf demonologists (Elf:3)
  2 lorocyprocas (Abyss:3)
  6 purple draconians
  8 white draconians
  5 deep elf annihilators (Elf:3)
  An eleionoma (Zig:4)
  2 war gargoyles
  10 yellow draconians
  12 deep elf death magi
  2 wendigos (Zig:2)
  7 dire elephants
  15 red draconians
  3 spark wasps (Depths:2)
  2 bennus (Zig:7)
  2 halazid warlocks (Desolation)
  3 blizzard demons
  11 eidola
  4 crystal guardians
  14 ettins
  2 green deaths
  A deep elf high priest (Elf:3)
  12 merfolk impalers
  A shambling mangrove (Zig:4)
  4 entropy weavers
  3 mummy priests
  5 fire dragons
  7 merfolk javelineers
  13 yaktaur captains
  6 ragged hierophants
  31 vault guards
  12 servants of whispers (Desolation)
  6 jiangshi
  A spriggan zombie (Crypt:3)
  12 great orbs of eyes
  4 rakshasas
  A spectral spriggan (Crypt:3)
  2 hydras
  10 peacekeepers
  11 anacondas
  A spriggan skeleton (Crypt:2)
  2 catoblepae
  2 hell beasts
  3 salamander tyrants
  5 ogre magi
  4 spriggan air magi
  2 ice dragons
  11 ironbound frosthearts
  15 two-headed ogres
  17 dancing weapons
  A two-headed ogre (shapeshifter) (Vaults:5)
  Erica (Lair:1)
  9 centaur warriors
  4 merfolk avatars
  3 satyrs
  5 merfolk aquamancers
  7 boulder beetles
  6 vampire magi
  3 deep troll shamans
  6 deep troll earth magi
  15 naga warriors
  6 tengu warriors
  2 death yaks
  A death scarab (Zig:7)
  4 hell hogs
  An orc high priest (Orc:1)
  5 spriggan berserkers
  2 occultists
  Urug (D:13)
  2 titan zombies
  6 shock serpents
  A sphinx skeleton (Crypt:2)
  2 soul eaters
  3 sun demons
  A thrashing horror (Abyss:3)
  13 deep elf knights
  2 holy swine (Abyss:3)
  7 skysharks
  6 hell knights
  4 wretched stars
  Nergalle (Lair:1)
  A spatial maelstrom (Abyss:3)
  11 naga sharpshooters
  A storm dragon skeleton (Zig:7)
  An iron troll (Depths:2)
  4 salamander mystics
  20 skeletal warriors
  19 shadow wraiths
  A death drake (Abyss:2)
  16 sea snakes
  A goliath frog (shapeshifter) (Depths:4)
  57 deep trolls
  An anaconda zombie (Crypt:1)
  6 sixfirhies
  An orange crystal statue (Elf:2)
  5 glowing orange brains
  2 arcanists (Vaults:4)
  4 cherubim (Shoals:4)
  5 naga ritualists
  An obsidian statue (Zot:5)
  14 mana vipers
  A steelbarb worm (shapeshifter) (Vaults:5)
  22 phantasmal warriors
  7 lindwurms
  A shadow dragon zombie (Vaults:4)
  Pikel (D:7)
  3 bog bodies (Crypt:2)
  12 deep elf archers
  9 large abominations
  9 flayed ghosts
  20 deep elf zephyrmancers
  3 starcursed masses (Abyss:3)
  18 ironbound convokers
  3 orc knights
  9 necromancers
  21 ugly things
  27 harpies
  4 shining eyes (Slime:5)
  32 deep elf pyromancers
  15 cyclopes
  A jorogumo zombie (Crypt:2)
  A wolf spider (Vaults:5)
  21 salamanders
  A fire giant zombie (Zig:6)
  6 orc sorcerers
  A faun (shapeshifter) (Vaults:5)
  2 moths of wrath (shapeshifter) (Vaults:5)
  12 fauns
  2 stone giant zombies
  A will-o-the-wisp (Zig:4)
  A spectral centaur (Crypt:3)
  2 worldbinders
  5 elephants (Lair:5)
  A stone giant skeleton (Crypt:2)
  11 manticores
  A manticore (shapeshifter) (Abyss:3)
  Maurice (D:7)
  33 moths of wrath
  6 meliai
  A meliai (shapeshifter) (D:15)
  8 merfolk sirens
  2 kobold blastminers (Orc:2)
  A dire elephant zombie (Crypt:2)
  A fire giant skeleton (Zig:6)
  A water nymph (shapeshifter) (Vaults:5)
  3 apocalypse crabs
  2 rust devils
  14 naga magi
  3 molten gargoyles (Desolation)
  2 formless jellyfish zombies
  9 water nymphs
  2 eyes of devastation
  4 orange demons
  2 gargoyles
  49 black mambas
  12 guardian serpents
  20 vault sentinels
  A centaur skeleton (Crypt:3)
  A mana viper zombie (Crypt:3)
  13 cane toads
  9 smoke demons
  17 yaktaurs
  3 unseen horrors
  A dire elephant skeleton (Crypt:2)
  A shock serpent skeleton (Crypt:3)
  A catoblepas zombie (Crypt:2)
  A bunyip simulacrum (Crypt:3)
  A rime drake (Lair:4)
  3 kobold demonologists (D:12)
  11 komodo dragons
  A tengu conjurer (D:15)
  3 efreet
  A white draconian zombie (Crypt:3)
  2 yaktaur skeletons (Vaults:1)
  2 tormentors
  4 guardian mummies (Zig:7)
  A yellow draconian skeleton (Crypt:3)
  4 ancient zymes
  A spectral naga (Crypt:3)
  Psyche (D:8)
  A human skeleton (Vaults:4)
  2 ice devils (D:14)
  6 freezing wraiths
  A spectral harpy (Crypt:3)
  A harpy zombie (Crypt:2)
  22 hornets
  14 trolls
  2 tyrant leeches (Zot:2)
  A pale draconian skeleton (Crypt:2)
  2 tarantellas
  6 wind drakes
  2 hellwings
  3 polar bears
  9 blink frogs
  25 merfolk
  A glass eye (shapeshifter) (Vaults:5)
  2 harpy skeletons
  58 saltlings
  A stone giant simulacrum (Vaults:1)
  An ettin zombie (Crypt:2)
  19 dream sheep
  11 raiju
  5 snapping turtles
  3 jumping spiders (Vaults:2)
  5 glass eyes
  A human simulacrum (Vaults:1)
  Sigmund (D:5)
  94 slime creatures
  A ynoxinul (Abyss:3)
  An ettin skeleton (Crypt:2)
  A jumping spider (shapeshifter) (Zig:8)
  19 spriggans
  6 air elementals
  10 shadows
  An ushabti (Zig:6)
  18 water elementals
  47 yaks
  5 wyverns
  23 fire elementals
  A hog (shapeshifter) (Vaults:5)
  7 wraiths
  6 golden eyes (Slime:5)
  5 basilisks
  A warg (shapeshifter) (Elf:2)
  4 neqoxecs
  4 redbacks
  3 spatial vortices (Abyss:3)
  5 vampire mosquitoes (D:11)
  7 chaos spawn
  A swamp worm (shapeshifter) (Zig:8)
  2 glowing shapeshifter zombies
  46 nagas
  15 water moccasins
  An acid dragon (D:11)
  A water nymph skeleton (Crypt:1)
  5 hell hounds (D:10)
  A hydra simulacrum (Crypt:2)
  20 orc warriors
  An ice beast (D:6)
  9 black bears
  31 laughing skulls
  52 wolves
  4 boggarts (Lair:5)
  26 ogres
  14 centaurs
  2 lemures (D:7)
  A blink frog skeleton (Crypt:1)
  A komodo dragon zombie (Crypt:1)
  2 kobold brigands (D:12)
  12 weeping skulls
  12 bullfrogs
  A fire crab zombie (Crypt:1)
  3 scorpions (D:4)
  3 earth elementals
  A gnoll sergeant (D:5)
  3 small abominations
  A wyvern skeleton (Crypt:2)
  13 wights
  A water moccasin skeleton (Crypt:3)
  14 killer bees
  4 howler monkeys
  A yak skeleton (Crypt:1)
  9 electric eels
  A bombardier beetle (D:7)
  3 hounds
  2 quasits (Abyss:3)
  8 jellies
  Crazy Yiuf (D:7)
  5 gnoll boudas
  15 orc priests
  Ijyb (D:4)
  An iguana (D:6)
  Terence (D:2)
  A sleepcap (D:6)
  Natasha (thrice) (D:2)
  33 orc wizards
  A scorpion zombie (Crypt:3)
  16 mummies
  A howler monkey zombie (Crypt:1)
  20 gnolls
  8 adders
  3 shadow imps
  3 white imps
  4 ufetubi
  An adder skeleton (Crypt:2)
  An adder zombie (Crypt:2)
  2 dart slugs
  2 ribbon worms (D:2)
  87 orcs
  6 endoplasms
  6 giant cockroaches
  8 goblins
  8 hobgoblins
  11 kobolds
  3 quokkas
  5 ball pythons
  8 bats
  4 frilled lizards
  A jackal zombie (Crypt:3)
  5 rats
  An aspiring flesh (Zot:2)
  2 butterflies (D:7)
  2 starspawn tentacles (Abyss:3)
  7 tentacles
2692 creatures vanquished.

Vanquished Creatures (others)
  A vampire mage (Crypt:2)
  A water elemental (Elf:2)
  An orc (Orc:1)
  3 starspawn tentacles (Abyss:3)
  7 tentacles
13 creatures vanquished.

Grand Total: 2705 creatures vanquished

Notes
Turn   | Place    | Note
-------+----------+-------------------------------------------
     0 | D:1      | jagoly the Coglin Hexslinger began the quest for the Orb.
     0 | D:1      | Reached XP level 1. HP: 15/15 MP: 2/2
    54 | D:1      | Reached skill level 2 in Ranged Weapons
   318 | D:1      | Reached XP level 2. HP: 21/21 MP: 3/3
   321 | D:1      | Learned a level 2 spell: Jinxbite
   493 | D:1      | Reached XP level 3. HP: 23/26 MP: 4/4
   566 | D:1      | Reached skill level 3 in Ranged Weapons
   760 | D:1      | Found Bomarr's Distillery.
  1211 | D:2      | Noticed Natasha
  1216 | D:2      | Killed Natasha
  1217 | D:2      | Reached XP level 4. HP: 31/32 MP: 5/5
  1246 | D:2      | Reached skill level 4 in Ranged Weapons
  1437 | D:2      | Reached XP level 5. HP: 37/37 MP: 6/6
  1459 | D:2      | Noticed Natasha
  1467 | D:2      | Killed Natasha
  1512 | D:2      | Noticed Natasha
  1519 | D:2      | Killed Natasha
  1519 | D:2      | Noticed Terence
  1520 | D:2      | Reached skill level 5 in Ranged Weapons
  1523 | D:2      | Killed Terence
  1610 | D:2      | Reached XP level 6. HP: 43/43 MP: 7/7
  1673 | D:2      | Got the Incunable of the Scorpion
  2822 | D:4      | Found the +27 heavy crossbow "Sniper" {heavy, Acc+∞ SInv}
  3013 | D:4      | Found a shimmering altar of Xom.
  3025 | D:4      | Reached skill level 6 in Ranged Weapons
  3041 | D:4      | Found a stormy altar of Qazlal.
  3042 | D:4      | Found a glowing golden altar of the Shining One.
  3131 | D:4      | Reached XP level 7. HP: 48/48 MP: 8/8
  3172 | D:4      | Noticed Ijyb
  3174 | D:4      | Killed Ijyb
  3567 | D:5      | Entered Level 5 of the Dungeon
  3633 | D:5      | Reached skill level 7 in Ranged Weapons
  3648 | D:5      | Noticed Sigmund
  3650 | D:5      | Killed Sigmund
  3651 | D:5      | Reached skill level 8 in Ranged Weapons
  3651 | D:5      | Reached XP level 8. HP: 54/54 MP: 9/9
  4024 | D:5      | Reached skill level 9 in Ranged Weapons
  4498 | D:5      | Reached XP level 9. HP: 59/59 MP: 10/10
  4507 | D:5      | Reached skill level 10 in Ranged Weapons
  4898 | D:6      | Reached skill level 11 in Ranged Weapons
  5268 | D:6      | Found a white marble altar of Elyvilon.
  5657 | D:7      | Found a staircase to the Ecumenical Temple.
  5665 | Temple   | Entered the Ecumenical Temple
  5673 | Temple   | Became a worshipper of Uskayaw the Reveller
  5711 | D:7      | Reached * piety under Uskayaw
  5715 | D:7      | Reached ** piety under Uskayaw
  5716 | D:7      | Reached *** piety under Uskayaw
  5719 | D:7      | Reached **** piety under Uskayaw
  5723 | D:7      | Reached ***** piety under Uskayaw
  5752 | D:7      | Found a runed translucent door.
  5753 | D:7      | Noticed Crazy Yiuf
  5758 | D:7      | Killed Crazy Yiuf
  5900 | D:7      | Reached skill level 12 in Ranged Weapons
  6069 | D:7      | Reached XP level 10. HP: 65/65 MP: 11/11
  6181 | D:7      | Noticed Maurice
  6183 | D:7      | Maurice stole 375 gold
  6184 | D:7      | Maurice stole a +0 sling {Cenhelm}
  6184 | D:7      | Maurice stole a ring of magical power
  6185 | D:7      | Killed Maurice
  6227 | D:7      | Reached skill level 13 in Ranged Weapons
  6338 | D:7      | Noticed Pikel
  6340 | D:7      | Killed Pikel
  6569 | D:8      | Noticed Psyche
  6580 | D:8      | Killed Psyche
  6694 | D:8      | Reached skill level 14 in Ranged Weapons
  6716 | D:8      | Found Jaudd's Distillery.
  6735 | D:8      | Bought a potion of heal wounds for 60 gold pieces
  6735 | D:8      | Bought a potion of invisibility for 96 gold pieces
  6735 | D:8      | Bought a potion of lignification for 36 gold pieces
  7327 | D:8      | Identified the ring "Icriv" {rN+ Will+ rCorr Dex+2}
  7638 | D:9      | Found a sacrificial altar of Ru.
  7739 | D:9      | Noticed a two-headed ogre
  7741 | D:9      | Killed a two-headed ogre
  7742 | D:9      | Reached XP level 11. HP: 75/75 MP: 12/12
  8386 | D:9      | Found a staircase to the Lair.
  8737 | D:9      | Found a shadowy altar of Dithmenos.
  8853 | D:9      | Noticed a death yak
  9129 | D:9      | Killed a death yak
  9129 | D:9      | Reached ****** piety under Uskayaw
  9130 | D:9      | Reached skill level 5 in Fighting
  9474 | D:9      | Found a staircase to the Orcish Mines.
  9636 | D:10     | Entered Level 10 of the Dungeon
  9652 | D:10     | Noticed a two-headed ogre
  9659 | D:10     | Killed a two-headed ogre
  9754 | D:10     | Found an opulent altar of Gozag.
  9921 | D:10     | Found a snail-covered altar of Cheibriados.
  9972 | D:10     | Reached skill level 15 in Ranged Weapons
 10077 | D:10     | Noticed a two-headed ogre
 10079 | D:10     | Killed a two-headed ogre
 10197 | D:11     | Noticed a cyclops
 10197 | D:11     | Found Rosut's Magic Scroll Shop.
 10198 | D:11     | Killed a cyclops
 10199 | D:11     | Reached XP level 12. HP: 91/91 MP: 13/13
 10204 | D:11     | Reached skill level 5 in Dodging
 10219 | D:11     | Bought a scroll of fog for 60 gold pieces
 10219 | D:11     | Bought a scroll of enchant armour for 112 gold pieces
 10642 | D:11     | Noticed a two-headed ogre
 10654 | D:11     | Killed a two-headed ogre
 11417 | D:12     | Noticed a two-headed ogre
 11458 | D:11     | Reached skill level 16 in Ranged Weapons
 11517 | D:12     | Killed a two-headed ogre
 11530 | D:12     | Found Kurch's Distillery.
 11547 | D:12     | Bought a potion of ambrosia for 104 gold pieces
 12101 | D:1      | Bought a potion of mutation for 104 gold pieces
 12336 | Lair:1   | Entered Level 1 of the Lair of Beasts
 12357 | Lair:1   | Noticed Erica
 12358 | Lair:1   | Killed Erica
 12359 | Lair:1   | Reached skill level 1 in Stealth
 12540 | Lair:1   | Reached XP level 13. HP: 90/98 MP: 14/14
 12673 | Lair:1   | Reached skill level 17 in Ranged Weapons
 12777 | Lair:1   | Noticed Nergalle
 12778 | Lair:1   | Killed Nergalle
 13407 | Lair:2   | Reached skill level 18 in Ranged Weapons
 14125 | Lair:3   | Found a staircase to the Snake Pit.
 14619 | Lair:3   | Found a staircase to the Shoals.
 14636 | Lair:3   | Reached skill level 1 in Evocations
 15253 | Lair:4   | Found a viscous altar of Jiyva.
 15253 | Lair:4   | Found a staircase to the Slime Pits.
 15292 | Lair:4   | Reached XP level 14. HP: 70/106 MP: 15/15
 16230 | Lair:5   | Entered Level 5 of the Lair of Beasts
 16465 | Lair:5   | Identified a scroll of acquirement
 16466 | Lair:5   | Acquired the +2 pair of boots "Teetaot" {rCorr Stlth+}
 16943 | Lair:5   | Reached skill level 10 in Fighting
 17200 | Lair:5   | Identified the ring of Sloth {rCorr Int+3}
 17791 | D:13     | Found Rylug Vue's General Store.
 17840 | D:13     | Bought a scroll of fear for 44 gold pieces
 17849 | D:13     | Noticed Urug
 17852 | D:13     | Killed Urug
 17877 | D:13     | Reached XP level 15. HP: 117/117 MP: 16/16
 18016 | D:13     | Identified the +1 scale mail of Ruxoosh {rF+ Dex+3}
 18114 | D:13     | Reached skill level 5 in Evocations
 18244 | D:9      | Learned a level 3 spell: Tukima's Dance
 18248 | D:9      | Learned a level 3 spell: Inner Flame
 18249 | Orc:1    | Entered Level 1 of the Orcish Mines
 18299 | Orc:1    | Reached skill level 1 in Fire Magic
 18484 | Orc:2    | Entered Level 2 of the Orcish Mines
 18517 | Orc:2    | Reached skill level 19 in Ranged Weapons
 18556 | Orc:2    | Found Perusch's Antique Armour Shop.
 18556 | Orc:2    | Found Pulenabb's Weapon Emporium.
 18556 | Orc:2    | Found Xocol's Magic Scroll Shop.
 18570 | Orc:1    | Found Emaoban's Magic Scroll Shop.
 18591 | Orc:1    | Bought 2 scrolls of butterflies for 104 gold pieces
 18607 | Orc:1    | Noticed Jorgrun
 18610 | Orc:1    | Killed Jorgrun
 18772 | Orc:2    | Found a staircase to the Elven Halls.
 19135 | Orc:2    | Reached skill level 5 in Hexes
 19458 | Orc:2    | Found Ownaoz Meyq's Antique Weapon Shoppe.
 19492 | Orc:2    | Found Fyojeeggitt's Magic Scroll Boutique.
 19501 | Orc:2    | Bought a scroll of silence for 95 gold pieces
 19836 | D:13     | Bought a +1 helmet for 126 gold pieces
 19846 | D:13     | Learned a level 4 spell: Dimensional Bullseye
 19998 | Orc:2    | Bought a faintly glowing ring mail for 297 gold pieces
 19998 | Orc:2    | Identified the +3 ring mail "Vulu" {-Tele Str+9} (You
                  | bought it in a shop on level 2 of the Orcish Mines)
 20234 | D:14     | Reached skill level 1 in Armour
 20317 | D:14     | Gained mutation: Your body sometimes deteriorates upon
                  | taking damage. [a neqoxec]
 20460 | D:14     | Reached skill level 10 in Dodging
 20492 | D:14     | You fall into a shaft and drop 1 floor!
 20492 | D:15     | Entered Level 15 of the Dungeon
 20553 | D:15     | Reached XP level 16. HP: 127/127 MP: 17/17
 20665 | D:15     | Found a staircase to the Depths.
 20786 | D:14     | Found a gate to the Vaults.
 20794 | D:14     | Noticed Agnes
 20797 | D:14     | Killed Agnes
 21092 | D:15     | Reached skill level 20 in Ranged Weapons
 21149 | D:15     | Found a burning altar of Makhleb.
 21333 | D:15     | Identified the +1 robe of Tomorrow {Regen+ Str+3}
 21524 | D:15     | Upgraded the game from 0.32-a0-361-g289a535 to
                  | 0.32-a0-366-gfe75644
 21720 | Snake:1  | Entered Level 1 of the Snake Pit
 22040 | Snake:1  | Noticed a nagaraja
 22043 | Snake:1  | Killed a nagaraja
 22049 | Snake:1  | Found a shimmering blue altar of Sif Muna.
 22687 | Snake:2  | Noticed a nagaraja
 22688 | Snake:2  | Killed a nagaraja
 23184 | Orc:2    | Bought a scroll of fear for 40 gold pieces
 23737 | Snake:2  | Reached skill level 15 in Fighting
 23880 | Snake:2  | Reached XP level 17. HP: 142/142 MP: 18/18
 23888 | Snake:2  | Found a huge runed translucent gate.
 23888 | Snake:2  | Found a huge runed translucent gate.
 23889 | Snake:2  | Found a huge runed translucent gate.
 23890 | Snake:2  | Found a huge runed translucent gate.
 23890 | Snake:2  | Found a huge runed translucent gate.
 23964 | Snake:2  | Found a shimmering altar of Xom.
 24039 | Snake:2  | Noticed Mlioglotl
 24044 | Snake:2  | Killed Mlioglotl
 24261 | Snake:3  | Reached skill level 1 in Invocations
 24333 | Snake:3  | Found a transporter.
 24478 | Snake:3  | Noticed an Executioner
 24479 | Snake:3  | Found a transporter.
 24491 | Snake:3  | Found a one-way gate to the infinite horrors of the Abyss.
 24491 | Snake:3  | Noticed Launuz's ghost (adept HuMo)
 24699 | Snake:4  | Entered Level 4 of the Snake Pit
 24718 | Snake:3  | Reached skill level 5 in Stealth
 25163 | Snake:4  | Found a transporter.
 25177 | Snake:4  | Found a bloodstained altar of Trog.
 25177 | Snake:4  | Noticed wqsa789's ghost (adept FoHu)
 25205 | Snake:4  | Found a transporter.
 25260 | Snake:4  | Reached skill level 5 in Invocations
 25707 | Snake:4  | Reached XP level 18. HP: 146/151 MP: 23/23
 26413 | Snake:4  | Got a serpentine rune of Zot
 26671 | Elf:1    | Entered Level 1 of the Elven Halls
 26805 | Elf:1    | Noticed Frances
 26853 | Elf:1    | Killed Frances
 27042 | Elf:1    | Paralysed by an air elemental for 1 turns
 27044 | Elf:1    | Reached skill level 21 in Ranged Weapons
 27538 | Elf:2    | Paralysed by an air elemental for 1 turns
 27540 | Elf:2    | Paralysed by an air elemental for 1 turns
 27641 | Elf:2    | Paralysed by an air elemental for 1 turns
 27645 | Elf:1    | Paralysed by an air elemental for 1 turns
 27886 | Shoals:1 | Entered Level 1 of the Shoals
 28416 | Shoals:1 | Noticed Donald
 28420 | Shoals:1 | Killed Donald
 28451 | Shoals:1 | Reached skill level 22 in Ranged Weapons
 29051 | Shoals:2 | Reached XP level 19. HP: 145/157 MP: 25/25
 29235 | Shoals:2 | Identified the +2 pair of boots of Tulips {Str+3}
 30129 | Shoals:4 | Entered Level 4 of the Shoals
 30192 | Shoals:4 | Reached skill level 23 in Ranged Weapons
 30913 | Shoals:4 | Identified the +0 chain mail of Summertime {rElec rPois rN+
                  | Dex-2}
 30980 | Shoals:3 | Found Legin's Antique Armour Boutique.
 31170 | Shoals:4 | Found a white marble altar of Elyvilon.
 31341 | Shoals:4 | Found a glowing golden altar of the Shining One.
 31820 | Shoals:4 | Got a barnacled rune of Zot
 31861 | Shoals:4 | Found a glowing silver altar of Zin.
 31950 | Shoals:4 | Identified the amulet of False Pretenses {Harm Regen+
                  | Dex+4}
 32217 | Shoals:4 | Got the Tome of the Excursion
 32669 | Vaults:1 | Entered Level 1 of the Vaults
 32701 | Vaults:1 | Reached skill level 24 in Ranged Weapons
 32757 | Vaults:1 | Found a crumbling gateway.
 32791 | Desolati | Entered the Desolation of Salt
 32893 | Desolati | Reached XP level 20. HP: 164/164 MP: 26/26
 32902 | Desolati | Identified the ring of Caniened {Fire Int+3}
 32957 | Desolati | Got the Book of the Septic Lithosphere
 32980 | Desolati | Identified the +2 ring mail of Ytafu {rC++ rCorr}
 32998 | Desolati | Got Dalirif's Compendium of the Jaunt and Anemomancy
 33101 | Desolati | Identified the ring of Naiti Puany {Ice Fly rN+ Dex-4
                  | Stlth+}
 33341 | Desolati | Got the Compendium of Parallel Reconfiguration
 33369 | Desolati | Got the Almanac of Saturnine Relocation
 33372 | Desolati | Identified the +7 rapier of Glory {heavy, Str+3 Dex+4}
 33971 | Vaults:1 | Found Wiopreu's Antique Armour Shoppe.
 33976 | Vaults:1 | Bought a distressingly furry leather armour for 231 gold
                  | pieces
 33976 | Vaults:1 | Identified the +0 leather armour of Too Many Cooks {Int+4}
                  | (You bought it in a shop on level 1 of the Vaults)
 33976 | Vaults:1 | Bought a pair of glowing gloves for 247 gold pieces
 34250 | Vaults:1 | Identified the amulet of Ujadghull {RegenMP rF+ Int+2
                  | Slay+2 Stlth+}
 34683 | Vaults:1 | Learned a level 4 spell: Iskenderun's Mystic Blast
 34685 | Vaults:1 | Learned a level 1 spell: Apportation
 34818 | Vaults:2 | Paralysed by a formless jellyfish for 1 turns
 34899 | Vaults:2 | Reached skill level 10 in Invocations
 34905 | Vaults:2 | Reached skill level 1 in Translocations
 35369 | Vaults:2 | Reached XP level 21. HP: 171/171 MP: 28/28
 35483 | Vaults:2 | Reached skill level 5 in Translocations
 35693 | Vaults:2 | Found a staircase to the Crypt.
 35693 | Vaults:2 | Found an ancient bone altar of Kikubaaqudgha.
 35694 | Vaults:2 | Found a basalt altar of Yredelemnul.
 36005 | Vaults:3 | Got Sif Muna's Opusculum on Ill-starred Composition
 36518 | Vaults:3 | Identified the +1 robe of Tulips {Slay+2}
 37145 | Vaults:4 | Reached skill level 10 in Translocations
 37208 | Vaults:4 | Found Ockeim's Globular Garage.
 37644 | Vaults:4 | Identified the +2 helmet of Somewhere Else {Dex+3}
 37782 | Vaults:4 | Reached XP level 22. HP: 120/178 MP: 30/30
 38241 | Crypt:1  | Entered Level 1 of the Crypt
 38467 | Crypt:1  | Noticed Zenata
 38472 | Crypt:1  | Killed Zenata
 39131 | Crypt:2  | Reached skill level 1 in Conjurations
 39234 | Crypt:2  | Reached skill level 5 in Conjurations
 39820 | Crypt:3  | Entered Level 3 of the Crypt
 40293 | Crypt:3  | Found a staircase to the Tomb.
 40685 | Crypt:3  | Reached XP level 23. HP: 79/184 MP: 32/32
 40732 | Crypt:3  | Found an ancient bone altar of Kikubaaqudgha.
 40776 | Crypt:3  | Got the Directory of Malevolent Arts
 40786 | Crypt:3  | Identified the +8 ice dragon scales of Trial and Error
                  | {^Contam Rampage rF- rC++ Dex+4 Stlth+}
 40791 | Crypt:3  | Identified the +0 spear of the Hidden Ships {heavy, rC-
                  | rN++}
 40859 | Crypt:3  | Identified the staff of the Many Tusks {rC- rN+ Will+ Conj
                  | Air}
 41681 | Elf:2    | Identified the amulet "Qiax" {RegenMP Rampage ^Fragile
                  | Str+4 Int+7}
 41682 | Elf:2    | Identified the +6 sling of Othunen {antimagic, rElec rC-
                  | rN+ Int+5}
 41861 | Elf:2    | Identified the +5 sling "Raqo" {drain, rElec rN+ Str+2
                  | Dex-2}
 41973 | Elf:2    | Found a runed translucent gate.
 41974 | Elf:2    | Found a runed translucent gate.
 41974 | Elf:2    | Found a runed translucent gate.
 42015 | Elf:3    | Entered Level 3 of the Elven Halls
 43004 | Elf:3    | Found the +9 scales of the Dragon King {rPois rF+ rC+
                  | Will+}
 43022 | Elf:3    | Identified the +5 sling of the Crypt {flame, rF+ Dex+2}
 43023 | Elf:3    | Identified the amulet of Nienny Kofo {Reflect *Slow rF+ rN+
                  | SH+5}
 43027 | Elf:3    | Got the Incunabulum of the Secret Ziggurats
 43036 | Elf:3    | Identified the +3 battleaxe "Cyodghuot" {drain, *Noise
                  | rPois rF+ Int+4}
 43050 | Elf:3    | Identified the +10 spear of Earthquakes {venom, rC+++
                  | Will++ Dex-4 Stlth+}
 43062 | Elf:3    | Got Incantation in Simple Steps
 43080 | Elf:3    | Learned a level 2 spell: Blink
 43107 | Elf:3    | Identified the staff of Propriety {rElec rF++ Str+3 Dex+3
                  | Air}
 43507 | Depths:1 | Entered Level 1 of the Depths
 43531 | Depths:1 | Found a transporter.
 43848 | Depths:1 | Found a transporter.
 43854 | Depths:1 | Found a transporter.
 43871 | Depths:1 | Found a transporter.
 43937 | Depths:1 | Found Ujivid's Jewellery Emporium.
 43941 | Depths:1 | Found a transporter.
 43999 | Depths:1 | Found a transporter.
 44104 | Depths:1 | Found a gateway to Hell.
 44658 | Depths:2 | Reached XP level 24. HP: 192/197 MP: 26/32
 44718 | Depths:2 | Reached skill level 15 in Dodging
 44749 | Depths:2 | Identified the +1 leather armour of the Soft God {Will+
                  | rCorr Slay+4}
 44933 | Depths:2 | Identified the +7 plate armour of the Cooper {rN++ Regen+
                  | rCorr SInv Stlth-}
 45169 | Depths:2 | Found a one-way gate leading to the halls of Pandemonium.
 45363 | Depths:3 | Found Cerho's Distillery.
 45382 | Depths:3 | Found Puaronui's Antique Weapon Emporium.
 45389 | Depths:3 | Found Cyvomem's Weapon Shoppe.
 45451 | Depths:3 | Found a stormy altar of Qazlal.
 45509 | Depths:3 | Noticed an ancient lich
 45509 | Depths:3 | Found the +8 storm bow {elec, penet}
 45510 | Depths:3 | Found a runed translucent door.
 45512 | Depths:3 | Noticed a juggernaut
 45512 | Depths:3 | Noticed a juggernaut
 45517 | Depths:3 | Killed an ancient lich
 45520 | Depths:3 | Killed a juggernaut
 45522 | Depths:3 | Killed a juggernaut
 45545 | Depths:3 | Identified the ring "Acoklotro" {Ice Int+3}
 45676 | Depths:3 | Found a one-way gateway to a ziggurat.
 46102 | Depths:4 | Entered Level 4 of the Depths
 46104 | Depths:4 | Noticed a caustic shrike
 46105 | Depths:4 | Noticed a caustic shrike
 46106 | Depths:4 | Noticed Grunn
 46107 | Depths:4 | Noticed a caustic shrike
 46174 | Depths:4 | Upgraded the game from 0.32-a0-366-gfe75644 to
                  | 0.32-a0-379-g363f0df
 46258 | Depths:4 | Reached skill level 10 in Evocations
 46318 | Depths:4 | Killed Grunn
 46321 | Depths:4 | Reached skill level 10 in Stealth
 46631 | Depths:4 | Killed a caustic shrike
 46632 | Depths:4 | Reached XP level 25. HP: 205/205 MP: 32/32
 47500 | Depths:4 | Found a gate to the Realm of Zot.
 47957 | Snake:3  | Killed Launuz's ghost
 48137 | Snake:4  | Killed wqsa789's ghost
 48414 | Slime:1  | Entered Level 1 of the Pits of Slime
 48420 | Slime:2  | Noticed Dissolution
 48425 | Slime:2  | Killed Dissolution
 48522 | Slime:5  | Entered Level 5 of the Pits of Slime
 48552 | Slime:5  | Noticed the Royal Jelly
 48563 | Slime:5  | Killed the Royal Jelly
 48572 | Slime:5  | Gained mutation: You are occasionally teleported next to
                  | monsters. [a shining eye]
 48598 | Slime:5  | Identified the ring of the Final Chapter {rF+ rCorr MP+9
                  | Int+3 Dex-5}
 48607 | Slime:5  | Got a slimy rune of Zot
 48607 | Slime:5  | Got a starry gem with 340 turns to spare
 48643 | Slime:5  | Identified the amulet "Raesch" {Reflect Regen+ Int-5 Dex+4
                  | SH+5}
 48647 | Slime:5  | Identified the +0 robe of Loas {Stlth+}
 48671 | Slime:5  | Gained mutation: Your body often deteriorates upon taking
                  | damage. [a shining eye]
 48702 | Slime:5  | Identified the +6 war axe "Beastbane" {drain, *Corrode rF+
                  | rN+ Str+2}
 48703 | Slime:5  | Got the Atlas of Topological Sinister Rites
 48761 | Slime:5  | Identified the +7 shortbow of Gallantry {flame, rF+}
 48839 | Lair:4   | Lost mutation: Your body often deteriorates upon taking
                  | damage. [potion of mutation]
 48839 | Lair:4   | Lost mutation: You are occasionally teleported next to
                  | monsters. [potion of mutation]
 48839 | Lair:4   | Gained mutation: You occasionally shout uncontrollably at
                  | your foes. [potion of mutation]
 48839 | Lair:4   | Gained mutation: You are partially covered in iridescent
                  | scales. (AC +2) [potion of mutation]
 49089 | D:1      | Bought a potion of enlightenment for 65 gold pieces
 49089 | D:1      | Bought a potion of brilliance for 52 gold pieces
 49329 | D:12     | Bought a potion of curing for 39 gold pieces
 49329 | D:12     | Bought a potion of magic for 104 gold pieces
 49329 | D:12     | Bought a potion of curing for 39 gold pieces
 49329 | D:12     | Bought 2 potions of ambrosia for 208 gold pieces
 49329 | D:12     | Bought a potion of brilliance for 52 gold pieces
 49329 | D:12     | Bought a potion of curing for 39 gold pieces
 49329 | D:12     | Bought a potion of curing for 39 gold pieces
 49382 | D:13     | Bought a scroll of fog for 44 gold pieces
 49382 | D:13     | Bought a potion of invisibility for 88 gold pieces
 49382 | D:13     | Bought a scroll of fog for 44 gold pieces
 49598 | Vaults:5 | Entered Level 5 of the Vaults
 49657 | Vaults:5 | Reached skill level 25 in Ranged Weapons
 49854 | Vaults:5 | Reached XP level 26. HP: 217/218 MP: 28/32
 49859 | Vaults:5 | Noticed a dread lich
 49860 | Vaults:5 | Killed a dread lich
 50184 | Vaults:5 | Reached skill level 26 in Ranged Weapons
 50903 | Vaults:5 | Identified the +9 short sword of Qaoluc {speed, rC- Str+4}
 50921 | Vaults:5 | Identified the staff of the Enchanting Priest {+Blink rPois
                  | rC+ Alchemy}
 50975 | Vaults:5 | Identified the staff "Wesketzu" {rN+ Str-5 Hexes Summ
                  | Necro}
 51103 | Vaults:5 | Identified the staff of Yeast {*Corrode rF+ Will++ Fire
                  | Ice}
 51236 | Vaults:5 | Identified the +1 robe of Nanag {Int+5 Dex+3}
 51321 | Vaults:5 | Identified the +9 short sword "Awoody" {heavy, ^Drain rPois
                  | rC+ rN+}
 51469 | Vaults:5 | Found Xenijoireu's Distillery.
 51469 | Vaults:5 | Found Hitzoese's Magic Scroll Shop.
 51488 | Vaults:5 | Got a silver rune of Zot
 51518 | Vaults:5 | Found Dioqisch's Magic Scroll Shoppe.
 51533 | Vaults:5 | Found Aheasaec's Magic Scroll Emporium.
 51558 | Vaults:5 | Found Fomas's Distillery.
 51586 | Vaults:5 | Identified the +5 ring mail of Jesen {Rampage +Inv rElec
                  | rC-}
 51598 | Vaults:5 | Acquired 952 gold pieces
 51624 | Vaults:5 | Bought a potion of curing for 36 gold pieces
 51624 | Vaults:5 | Bought a potion of heal wounds for 60 gold pieces
 51624 | Vaults:5 | Bought a potion of heal wounds for 60 gold pieces
 51624 | Vaults:5 | Bought a potion of haste for 120 gold pieces
 51624 | Vaults:5 | Bought a potion of resistance for 120 gold pieces
 51624 | Vaults:5 | Bought a potion of magic for 96 gold pieces
 51635 | Vaults:5 | Bought a potion of haste for 190 gold pieces
 51635 | Vaults:5 | Bought a potion of magic for 152 gold pieces
 51635 | Vaults:5 | Bought a potion of cancellation for 152 gold pieces
 51635 | Vaults:5 | Bought a potion of cancellation for 152 gold pieces
 51635 | Vaults:5 | Bought a potion of magic for 152 gold pieces
 51635 | Vaults:5 | Bought a potion of mutation for 152 gold pieces
 51635 | Vaults:5 | Bought a potion of curing for 57 gold pieces
 51653 | Vaults:5 | Bought a scroll of fog for 64 gold pieces
 51653 | Vaults:5 | Bought a scroll of fog for 64 gold pieces
 51671 | Vaults:5 | Bought a scroll of butterflies for 72 gold pieces
 51671 | Vaults:5 | Bought a scroll of acquirement for 936 gold pieces
 51671 | Vaults:5 | Bought 3 scrolls of silence for 513 gold pieces
 51671 | Vaults:5 | Bought a scroll of fear for 72 gold pieces
 51671 | Vaults:5 | Bought a scroll of silence for 171 gold pieces
 51671 | Vaults:5 | Acquired a book of Power
 51890 | Depths:3 | Bought a potion of curing for 54 gold pieces
 51890 | Depths:3 | Bought a potion of curing for 54 gold pieces
 51890 | Depths:3 | Bought a potion of invisibility for 144 gold pieces
 51890 | Depths:3 | Bought a potion of mutation for 144 gold pieces
 51890 | Depths:3 | Bought a potion of mutation for 144 gold pieces
 51950 | Depths:3 | Voluntarily entered the Abyss.
 52263 | Abyss:3  | Reached skill level 27 in Ranged Weapons
 52301 | Depths:3 | Escaped the Abyss
 52303 | Depths:3 | Voluntarily entered the Abyss.
 52323 | Abyss:3  | Found a corrupted altar of Lugonu.
 52371 | Abyss:3  | Reached skill level 5 in Armour
 52526 | Abyss:3  | Found a shimmering altar of Xom.
 52530 | Abyss:3  | Got an abyssal rune of Zot
 52536 | Depths:3 | Escaped the Abyss
 52654 | Zig:1    | Entered Level 1 of a ziggurat
 52668 | Zig:2    | Entered Level 2 of a ziggurat
 52671 | Zig:2    | Paralysed by a wendigo for 1 turns
 52693 | Zig:3    | Entered Level 3 of a ziggurat
 52707 | Zig:3    | Identified the +6 trident "Hyojul" {heavy, rPois}
 52715 | Zig:4    | Entered Level 4 of a ziggurat
 52733 | Zig:4    | Identified the blade talisman of Defiance {rF+}
 52740 | Zig:5    | Entered Level 5 of a ziggurat
 52745 | Zig:5    | Paralysed by an air elemental for 1 turns
 52760 | Zig:5    | Identified the +2 great sword "Cebeyfun" {flame, ^Fragile
                  | rCorr Int+5 Stlth+}
 52779 | Zig:6    | Entered Level 6 of a ziggurat
 52781 | Zig:6    | Noticed a royal mummy
 52785 | Zig:6    | Killed a royal mummy
 52840 | Zig:6    | Got the Papyrus of Substances and Glaciation
 52849 | Zig:7    | Entered Level 7 of a ziggurat
 52949 | Zig:7    | Identified the +8 chain mail of Bitterness {rElec rF++
                  | Dex-5}
 52950 | Zig:7    | Identified the +8 orcbow of the Rescuing Gods {freeze,
                  | rCorr MP-9 Str+2 Dex+5}
 52976 | Zig:7    | Reached XP level 27. HP: 216/216 MP: 32/33
 52978 | Zig:8    | Entered Level 8 of a ziggurat
 52983 | Zig:8    | Noticed a dread lich
 52985 | Zig:8    | Noticed an ancient lich
 52987 | Zig:8    | Killed a dread lich
 52989 | Zig:8    | Killed an ancient lich
 53106 | Zot:1    | Entered Level 1 of the Realm of Zot
 53488 | Zot:1    | Found the +11 plutonium sword {^Contam Stlth-}
 53518 | Zot:1    | Noticed an orb of fire
 53518 | Zot:1    | Noticed an orb of fire
 53519 | Zot:1    | Gained mutation: Your health recovers twice as slowly from
                  | being drained. [an orb of fire]
 54008 | Zot:1    | Killed an orb of fire
 54009 | Zot:1    | Reached skill level 15 in Invocations
 54095 | Zot:1    | Gained mutation: You are vulnerable to cold. (rC-) [an orb
                  | of fire]
 54097 | Zot:1    | Killed an orb of fire
 54680 | Zot:2    | Got the Atlas of Liberalism
 54852 | Zot:3    | Identified the +0 chain mail of the Contumacious God {rC-
                  | Dex+4 Slay+4}
 54950 | Zot:3    | Found a transporter.
 55370 | Zot:3    | Got the Annotations on Calling
 55876 | Zot:4    | Noticed an orb of fire
 55878 | Zot:4    | Killed an orb of fire
 55879 | Zot:4    | Noticed an orb of fire
 55881 | Zot:4    | Killed an orb of fire
 56256 | Zot:3    | Found a transporter.
 56275 | Zot:3    | Noticed an orb of fire
 56276 | Zot:3    | Gained mutation: You are dopey. (Int -2) [an orb of fire]
 56278 | Zot:3    | Killed an orb of fire
 56352 | Zot:3    | Identified the ring of Joy {rC- rN+ Will+ Str+4}
 56365 | Zot:3    | Identified the ring of the Riding Ancients {rF+ Dex+6}
 56379 | Zot:3    | Identified the +6 orcbow "Wuhateogg" {flame, Int+5 Stlth+}
 56507 | Zot:4    | Lost mutation: Your body sometimes deteriorates upon taking
                  | damage. [potion of mutation]
 56507 | Zot:4    | Lost mutation: You occasionally shout uncontrollably at
                  | your foes. [potion of mutation]
 56507 | Zot:4    | Gained mutation: You are clumsy. (Dex -2) [potion of
                  | mutation]
 56507 | Zot:4    | Gained mutation: You are somewhat resistant to further
                  | mutation. [potion of mutation]
 56508 | Zot:4    | Lost mutation: You are vulnerable to cold. (rC-) [potion of
                  | mutation]
 56508 | Zot:4    | Lost mutation: Your health recovers twice as slowly from
                  | being drained. [potion of mutation]
 56508 | Zot:4    | Lost mutation: You are dopey. (Int -2) [potion of mutation]
 56510 | Zot:5    | Entered Level 5 of the Realm of Zot
 57186 | Zot:5    | Noticed a dread lich
 57189 | Zot:5    | Killed a dread lich
 57196 | Zot:5    | Noticed an orb of fire
 57200 | Zot:5    | Killed an orb of fire
 57980 | Zot:5    | Noticed an orb of fire
 57981 | Zot:5    | Noticed an orb of fire
 57983 | Zot:5    | Killed an orb of fire
 57985 | Zot:5    | Killed an orb of fire
 57993 | Zot:5    | Noticed an ancient lich
 57995 | Zot:5    | Killed an ancient lich
 58000 | Zot:5    | Noticed an orb of fire
 58003 | Zot:5    | Killed an orb of fire
 58019 | Zot:5    | Got the Orb of Zot
 58063 | Zot:4    | Noticed Weronn the pandemonium lord
 58067 | Zot:4    | Killed Weronn the pandemonium lord
 58442 | D:9      | Noticed Yrair the pandemonium lord
 58444 | D:9      | Killed Yrair the pandemonium lord
 58615 | D:$      | Escaped with the Orb!

Illustrated notes

Levels and vault maps discovered:
D:1:      saegor_arrival_under_anarchy, layout_basic, serial_shops,
          nicolae_shop_pleasant_corner_grove
D:2:      layout_basic, uniq_terence, uniq_natasha
D:3:      layout_basic
D:4:      layout_loops_ring, kennysheep_mini_moat, nicolae_overflow_squiral,
          uniq_ijyb
D:5:      layout_rooms, nicolae_grassy_gnolls, uniq_sigmund
D:6:      layout_loops_corners, marbit_many_paths
D:7:      layout_basic, minmay_temple_entry_butterflies, uniq_maurice,
          uniq_crazy_yiuf_cottage, uniq_pikel
D:8:      layout_loops_ring, serial_bayou, serial_bayou_lagoon_a,
          serial_bayou_pond_e, serial_bayou_crossing, serial_bayou_shore_a,
          serial_bayou_pond_b, serial_shops, shop, uniq_psyche
D:9:      argonaut_augean_stables, layout_long_grid,
          nicolae_ru_sacrificial_ziggurat, grunt_dithmenos_smoke_and_mirrors,
          erik_lair_orcish_takeover, hiddenorc1_lemuel
D:10:     layout_roguey, kennysheep_little_box, grunt_gozag_breadcrumbs,
          st_stairs_4
D:11:     layout_loops_ring, serial_shops, nicolae_stop_n_shop_1
D:12:     layout_long_grid, serial_shops, shop
D:13:     layout_loops_cross, serial_shops, nicolae_shop_real_fake_doors,
          statue_in_the_mist_lemuel, uniq_urug
D:14:     layout_roguey, david_vaults_2, serial_demonic, serial_demonic_c,
          serial_demonic_f, serial_demonic_a, serial_demonic_a,
          serial_demonic_f, serial_demonic_d, serial_park_paths
          [serial_park_minivault_5x5_3], uniq_agnes
D:15:     grunt_enter_depths_giant_problem, layout_basic, bloody_makhleb,
          minivault_24, serial_bayou_lagoon_b
Temple:   nicolae_temple_two_arcs
Lair:1:   layout_small_grid, serial_bayou_shore_b, uniq_erica, uniq_nergalle
Lair:2:   layout_regular_city, serial_rivers, chequers_serial_rivers_small_a,
          chequers_serial_rivers_room_a, chequers_serial_rivers_micro_c,
          chequers_serial_rivers_room_b, chequers_serial_rivers_room_b,
          chequers_serial_rivers_micro_c, serial_bayou_shore_b,
          grunt_megastairs_3, infiniplex_staircase_pool, lemuel_fruit_tree
Lair:3:   layout_cave_shapes, elwin_shoals_entry_stream,
          guppyfry_snake_entry_island, nzn_sisyphean_effort,
          serial_bayou_shore_b, infiniplex_staircase_pool_2
Lair:4:   layout_cave_pods, nicolae_slime_entry_field_trip, lemuel_old_faithful
Lair:5:   minmay_lair_end_enchanted_forest, layout_regular_city,
          grunt_megastairs_2
Shoals:1: layout_shoals, uniq_donald
Shoals:2: layout_shoals
Shoals:3: layout_shoals, nicolae_take_the_stairs,
          nicolae_shoals_nymph_descending_staircase
Shoals:4: shoals_end_hellmonk_holy_island
Snake:1:  layout_gridlike, grunt_ministairs_8,
          serial_library_hellmonk_narrow_alcove
Snake:2:  layout_cave_town, basic_altar, hangedman_venom_bottle,
          grunt_megastairs_4, uniq_mlioglotl
Snake:3:  layout_rooms, gammafunk_ghost_abyssal_escape
Snake:4:  grunt_snake_rune_pools, layout_cave_town,
          gammafunk_ghost_wrathful_warriors
Slime:1:  layout_caves
Slime:2:  layout_caves, dissolution_awaits
Slime:3:  layout_caves
Slime:4:  layout_caves
Slime:5:  slime_pit_nicolae_inversion
Orc:1:    nicolae_orc_accident_3, layout_caves, serial_shops, shop, uniq_jorgrun
Orc:2:    st_orc_open, layout_diamond_mine, serial_shops, shop
Elf:1:    elf_arrival_001, layout_geoelf_diagonals, minivault_28,
          hangedman_elf_simple_split, uniq_frances
Elf:2:    nicolae_elf_blades_crystal_corner, layout_geoelf_diagonals,
          minivault_15
Elf:3:    elf_hall, layout_geoelf_diagonals
Vaults:1: portal_desolation_entry_nicolae_nacl, grunt_vaults_hallway_long,
          nicolae_vaults_shelves_hall, nicolae_vaults_heart-shaped_vault,
          vaults_dpeg_hooks, nicolae_vaults_double_plus_2,
          layout_vaults_omnigrid, serial_shops, shop
Vaults:2: v_misc_24, grunt_vaults_trifunnel, hangedman_vaults_variations,
          ontoclasm_vaults_loading_screen, nicolae_vaults_shipping_containers_4,
          minmay_crypt_entry_necro_gods, hangedman_vaults_nails,
          nicolae_vaults_little_squares_1, nicolae_vaults_storage_closets_1,
          nicolae_vaults_trapezoid_lopsided_3, nicolae_vaults_six-pack,
          layout_vaults_big_room
Vaults:3: nicolae_vaults_closet_pinwheel_1, v_misc_28, hangedman_vaults_unwind,
          nicolae_vaults_offset_grid_hallway_3,
          nicolae_vaults_heart-shaped_vault, grunt_vaults_hallway_short,
          nicolae_vaults_closet_pinwheel_5, v_pattern_1, v_misc_24, v_misc_8,
          nicolae_vaults_security_offices_4,
          serial_library_regret_index_small_wings, nicolae_vaults_house_3,
          layout_vaults_omnibox
Vaults:4: nicolae_vaults_trapezoid_3, nicolae_vaults_storage_closets_3,
          v_rooms_4, ontoclasm_vaults_eye, nicolae_vaults_turnstiles,
          ontoclasm_vaults_shuriken, grunt_vaults_diagonal,
          nicolae_vaults_what_the_h, vaults_room_corners, v_misc_23,
          vaults_room_stairs_pillars, tekkud_shop_of_orbs,
          ontoclasm_vaults_decontamination, layout_vaults_maze_bifur
Vaults:5
Crypt:1:  layout_basic, grunt_ministairs_8, nicolae_crypt_paired_memorials,
          grunt_crypt_arrival_split, uniq_zenata
Crypt:2:  layout_regular_city, nicolae_crypt_fancy_cubbyholes,
          grunt_ministairs_9
Crypt:3:  church_of_pain_bobbens, layout_chaotic_city
Depths:1: layout_honeycomb, minivault_14, hellmouth_1, serial_shops, shop,
          serial_nicolae_subway, nicolae_sub_station_metal,
          nicolae_sub_station_crystal, nicolae_sub_station_stone
Depths:2: minmay_crescents, layout_twisted_cross, rand_demon_pan_entry_5,
          hell_entry, ebering_dispersal_statue_hall, nicolae_twisting_strands,
          infiniplex_staircase_split_hallway
Depths:3: minmay_gate_of_8, layout_basic, enter_ziggurat_e, hell_entry,
          abyss_entry_crystal, nicolae_qazlal_style_of_elements, serial_shops,
          shop, infiniplex_staircase_zigzag_4, minmay_shoptagon
Depths:4: grunt_zot_entry_pinwheel, layout_cave_pools, nicolae_zig_zag_zippers,
          hell_entry, uniq_grunn
Zot:1:    layout_onion, nzn_random_ring
Zot:2:    layout_onion_interference, regret_index_zotdec_zees
Zot:3:    gammafunk_dig_for_victory, layout_cellular_growth
Zot:4:    lemuel_firehouse, layout_onion_interference,
          regret_index_zotdec_slimy_original, nicolae_tricolors
Zot:5:    layout_basic, regret_index_zotdec_stipple_waver, grunt_ministairs_11

Skill      XL: |  1  2  3  4  5  6  7  8  9 10 11 12 13 14 15 16 17 18 19 20 21 22 23 24 25 26 27 |
---------------+----------------------------------------------------------------------------------+-----
Ranged Weapons | 2 3 4 5 6 8 9 12 14 15 16 18 19 20 22 24 25 27 | 27.0
Hexes          | 3 4 5 6 8 |  8.0
Dodging        | 2 4 6 8 10 12 14 16 18 | 18.0
Fighting       | 3 7 8 10 12 15 16 18 20 | 20.0
Stealth        | 2 4 6 8 10 | 10.0
Evocations     | 2 4 8 10 | 10.0
Fire Magic     | 1 |  1.0
Armour         | 3 4 8 |  8.0
Invocations    | 7 8 10 11 12 13 20 | 20.8
Translocations | 4 10 12 13 14 | 14.0
Spellcasting   | 2 |  2.0
Conjurations   | 7 8 |  8.0

Action                     |  1- 3 |  4- 6 |  7- 9 | 10-12 | 13-15 | 16-18 | 19-21 | 22-24 | 25-27 || total
---------------------------+-------+-------+-------+-------+-------+-------+-------+-------+-------++-------
  Melee: Unarmed           |       |       |       |       |       |       |     3 |       |       ||     3
   Fire: Sling             |    98 |   164 |       |       |       |       |       |       |       ||   262
         Heavy crossbow    |       |    13 |   119 |   229 |   453 |   531 |   706 |   657 |   959 ||  3667
  Throw: Throwing net      |       |       |       |       |       |     1 |       |       |       ||     1
   Cast: Jinxbite          |     1 |     7 |       |       |       |       |       |       |       ||     8
         Dimensional Bulls |       |       |       |       |       |       |       |     9 |    20 ||    29
         Apportation       |       |       |       |       |       |       |       |       |    42 ||    42
         Iskenderun's Myst |       |       |       |       |       |       |       |       |     3 ||     3
 Invoke: Stomp             |       |       |       |     3 |     3 |     5 |     4 |     3 |    17 ||    35
         Grand Finale      |       |       |       |       |       |       |       |       |     1 ||     1
  Evoke: Wand              |       |       |     1 |     2 |     2 |       |       |       |     8 ||    13
         Box of beasts     |       |       |       |       |       |       |       |     1 |       ||     1
         Tin of tremorston |       |       |       |       |       |       |       |       |     2 ||     2
    Use: Scroll            |       |       |     2 |    10 |    16 |     8 |     3 |     5 |    26 ||    70
         Potion            |       |       |       |       |     7 |     2 |       |     5 |    37 ||    51
   Stab: Paralysed         |       |       |       |       |       |       |     3 |       |       ||     3
 Armour: Robe              |    17 |     9 |    34 |    79 |   223 |   223 |   220 |   104 |       ||   909
         Animal skin       |       |       |       |       |       |       |       |    37 |   197 ||   234
  Dodge: Dodged            |    16 |    15 |    24 |    72 |   369 |   283 |   382 |   356 |   478 ||  1995

Table legend: (Time is in decaauts)
 A = Elapsed time spent in this place.
 B = Non-inter-level travel time spent in this place.
 C = Inter-level travel time spent in this place.
 D = Time resting spent in this place.
 E = Time spent auto-exploring this place.
 F = Levels seen in this place.
 G = Mean time per level.
                   A        B        C        D        E       F      G
               +--------+--------+--------+--------+--------+-----+--------+
         Total |  65402 |  57023 |   8379 |   9504 |  33218 |  69 |  947.9 |
       Dungeon |  18011 |  14783 |   3228 |   2183 |   9730 |  15 | 1200.7 |
        Temple |     17 |      9 |      8 |      0 |      0 |   1 |   17.0 |
          Lair |   6342 |   5536 |    806 |     90 |   4363 |   5 | 1268.4 |
        Shoals |   5069 |   4818 |    251 |   1820 |   1915 |   4 | 1267.2 |
     Snake Pit |   5995 |   5051 |    944 |    747 |   3027 |   4 | 1498.8 |
    Slime Pits |    529 |    459 |     70 |      0 |      0 |   5 |  105.8 |
  Orcish Mines |   2078 |   1603 |    475 |    521 |    709 |   2 | 1039.0 |
   Elven Halls |   3246 |   2924 |    322 |    494 |   1825 |   3 | 1082.0 |
        Vaults |   8078 |   7306 |    772 |   1165 |   4018 |   5 | 1615.6 |
         Crypt |   3479 |   3290 |    189 |    327 |   2124 |   3 | 1159.7 |
        Depths |   5028 |   4171 |    857 |    639 |   2744 |   4 | 1257.0 |
           Zot |   5264 |   4811 |    453 |   1327 |   2205 |   5 | 1052.8 |
         Abyss |    707 |    707 |      0 |      0 |      0 |   4 |  176.8 |
      Ziggurat |    475 |    475 |      0 |      0 |    261 |   8 |   59.4 |
    Desolation |   1077 |   1077 |      0 |    185 |    294 |   1 | 1077.0 |
               +--------+--------+--------+--------+--------+-----+--------+

Top non-repeatable levels by time:
     D:9: 2752 daAuts
Vaults:5: 2294 daAuts
Shoals:4: 2268 daAuts
 Snake:4: 2118 daAuts
   Zot:5: 1635 daAuts
 Crypt:3: 1590 daAuts
 Snake:2: 1523 daAuts
Vaults:1: 1515 daAuts
  Lair:3: 1498 daAuts
    D:12: 1474 daAuts
Vaults:2: 1458 daAuts
Vaults:3: 1457 daAuts
Depths:4: 1455 daAuts
 Snake:1: 1407 daAuts
     D:1: 1404 daAuts
